 Dungeon Crawl Stone Soup version 0.26.0-20-g3ca415f5b8 (webtiles) character file.

Game seed: 15766655425403529039

121 Gauvater the Firebug (level 5, 0/33 HPs)
             Began as an Octopode Fire Elementalist on Jan 24, 2021.
             Slain by an orc
             ... wielding a +0 mace of protection
              (3 damage)
             ... on level 2 of the Dungeon.
             The game lasted 00:11:06 (2776 turns).

Gauvater the Firebug (Octopode Fire Elementalist)   Turns: 2776, Time: 00:11:07

Health: 0/33       AC:  1    Str:  7    XL:     5   Next: 5%
Magic:  3/9        EV: 13    Int: 19    God:
Gold:   82         SH:  5    Dex: 12    Spells: 8/9 levels left

rFire    . . .     SeeInvis .   (no weapon)
rCold    . . .     Faith    .   (no shield)
rNeg     . . .     Spirit   .   (helmet restricted)
rPois    .         Reflect  +   d - amulet of reflection
rElec    .         Harm     .   (no ring)
rCorr    .         Rampage  .   (no ring)
Will     .....                  (no ring)
Stlth    +++.......             (no ring)
HPRegen  0.11/turn              (no ring)
MPRegen  0.11/turn              (no ring)
                                (no ring)
                                (no ring)

@: very slightly contaminated, hasted, very quick
A: almost no armour, stealthy swim, amphibious, 8 rings, constrict 8, camouflage
1, gelatinous body 1
a: no special abilities


You were on level 2 of the Dungeon.
You visited 1 branch of the dungeon, and saw 3 of its levels.

You collected 82 gold pieces.

Inventory:

Missiles
 a - 62 stones
Armour
 b - a +0 kite shield
Jewellery
 d - an amulet of reflection (around mantle)
Scrolls
 c - a scroll of identify {unknown}
 e - 2 scrolls of random uselessness {unknown}
 g - 2 scrolls of teleportation {unknown}
 h - 4 scrolls of remove curse {unknown}
 i - a scroll of blinking {unknown}
 j - a scroll of fog {unknown}
Potions
 f - a potion of haste


   Skills:
 * Level 1.6 Fighting
 + Level 2.2 Dodging
 + Level 3.2 Stealth
 + Level 0.3 Unarmed Combat
 + Level 2.9 Spellcasting
 + Level 1.8 Conjurations
 + Level 3.8 Fire Magic


You had 8 spell levels left.
You knew the following spells:

 Your Spells              Type           Power        Failure   Level
a - Foxfire               Conj/Fire      52%          4%          1

Your spell library contained the following spells:

 Spells                   Type           Power        Failure   Level
 Conjure Flame            Conj/Fire      13%          14%         3
 Inner Flame              Hex/Fire       10%          22%         3
 Sticky Flame             Conj/Fire      13%          43%         4
 Fireball                 Conj/Fire      6%           80%         5


Dungeon Overview and Level Annotations

Branches:
Dungeon (3/15)

Altars:


Innate Abilities, Weirdness & Mutations

You cannot wear most types of armour.
You are very stealthy in the water. (Stealth+)
You are amphibious.
You can wear up to eight rings at the same time.
You can use your tentacles to constrict eight enemies at once.
Your skin changes colour to match your surroundings (Stealth+).
Your rubbery body absorbs attacks. (AC +1, EV +1)


Message History

The orc hits you with a +0 mace of protection.
* * * LOW HITPOINT WARNING * * *
Casting: Foxfire (safe; 4% risk of failure)
Confirm with . or Enter, or press ? or * to list all spells.
You miscast Foxfire.
You are very lightly contaminated with residual magic.
Nothing appears to happen.
You constrict the orc, but do no damage.
The orc hits you with a +0 mace of protection.
* * * LOW HITPOINT WARNING * * *
You release your grip on the orc.
The foxfire hits the orc but does no damage.
The orc is moderately wounded.
The orc hits you with a +0 mace of protection.
* * * LOW HITPOINT WARNING * * *
There is a stone staircase leading down, spattered with blood here.
You see here an orc corpse.
It was a potion of haste.
You feel yourself speed up.
The orc hits you with a +0 mace of protection.
You die...

......)....# ##########.#
####### #.# ......# #.# #####.#
#.# ################ .# #.# #.#
#.#............# .# #.# #.#
#ยง#.##########.#
.####.####.#####)#.#......# #.#
.'.............o@#.#.#..#.###.#
.####.####....##.#.#.#..#.....#
.# #.# #....##.#.#.#..#######
## #.# #....##.#.#.#.......#
#.# #....##.#.#.#....<#.# #.#
#....##.#.#.#######.# #.#
#....##.#.#..)......#
#.####....##.#.###########
#............#...#


You could see an orc.

Vanquished Creatures
  Natasha (D:2)
  3 adders (D:2)
  3 worms (D:2)
  A dart slug (D:1)
  3 leopard geckos
  3 orcs
  2 ball pythons (D:2)
  3 giant cockroaches (D:1)
  6 hobgoblins
  4 jackals (D:1)
  6 kobolds
  5 bats
  3 frilled lizards
  3 goblins
  8 rats
54 creatures vanquished.

Vanquished Creatures (others)
  159 foxfires
159 creatures vanquished.

Grand Total: 213 creatures vanquished

Notes
Turn   | Place    | Note
-------+----------+-------------------------------------------
     0 | D:1      | Gauvater the Octopode Fire Elementalist began the quest for
                  | the Orb.
     0 | D:1      | Reached XP level 1. HP: 11/11 MP: 3/3
   188 | D:1      | Reached XP level 2. HP: 17/17 MP: 1/5
   779 | D:1      | Reached XP level 3. HP: 18/22 MP: 2/6
  1587 | D:2      | Reached skill level 1 in Fighting
  1619 | D:2      | Reached XP level 4. HP: 21/28 MP: 3/7
  2268 | D:2      | Noticed Natasha
  2276 | D:2      | Killed Natasha
  2685 | D:3      | Reached XP level 5. HP: 32/33 MP: 5/9
  2776 | D:2      | Slain by an orc

Illustrated notes

Levels and vault maps discovered:
D:1:      zaba_arrival_water, layout_basic
D:2:      layout_basic, uniq_natasha
D:3:      layout_basic, lemuel_round_altar

Skill      XL: |  1  2  3 |
---------------+----------+-----
Stealth        | 3 |  3.2
Fighting       | 1 |  1.6
Dodging        | |  2.2
Unarmed Combat | |  0.3
Spellcasting   | |  2.9
Conjurations   | |  1.8
Fire Magic     | |  3.8

Action                   |  1- 3 |  4- 6 || total
-------------------------+-------+-------++-------
Melee: Unarmed           |    15 |    23 ||    38
       Constrict         |     6 |    10 ||    16
       Tentacles         |     2 |     7 ||     9
 Cast: Foxfire           |    52 |    41 ||    93
  Use: Potion            |       |     1 ||     1
 Stab: Sleeping          |     1 |     1 ||     2
Armor: Skin              |     2 |     2 ||     4
Dodge: Dodged            |    15 |    20 ||    35
Block: Other             |     5 |    15 ||    20
